 Dungeon Crawl Stone Soup version 0.24.1-14-gf8d2b509d9 (console) character file.

Game seed: 10838577735171630211, levelgen mode: deterministic

716 Kagalorn the Skirmisher (level 7, -7/60 HPs)
             Began as a Gnoll Wanderer on Sept 29, 2020.
             Killed by divine providence
             ... invoked by an orc priest
              (10 damage)
             ... on level 5 of the Dungeon.
             The game lasted 00:10:44 (4453 turns).

Kagalorn the Skirmisher (Gnoll Wanderer)            Turns: 4453, Time: 00:10:45

Health: -7/60      AC:  3    Str: 15    XL:     7   Next: 69%
Magic:  12/12      EV: 13    Int: 17    God:
Gold:   302        SH:  0    Dex: 13    Spells: 11/13 levels left

rFire    . . .     SeeInvis .   a - +0 quarterstaff
rCold    . . .     Gourm    .   (shield currently unavailable)
rNeg     . . .     Faith    .   d - +0 robe
rPois    .         Spirit   .   r - +0 helmet
rElec    .         Reflect  .   (no cloak)
rCorr    .         Harm     .   (no gloves)
MR       .....                  (no boots)
Stlth    ++........             m - amulet of rage
HPRegen  0.20/turn              u - ring of wizardry
MPRegen  0.13/turn              (no ring)

@: hasted, very quick
A: distributed training, fangs 1, strong nose
a: Evoke Berserk Rage


You were on level 5 of the Dungeon.
You were not hungry.

You visited 1 branch of the dungeon, and saw 6 of its levels.

You collected 302 gold pieces.

Inventory:

Hand Weapons
 a - a +0 quarterstaff (weapon)
 n - a +2 mace of protection
Missiles
 e - 8 boomerangs (quivered)
 g - 54 arrows
 k - 82 stones
 p - 33 sling bullets
Armour
 d - a +0 robe (worn)
 r - a +0 helmet (worn)
 s - a +0 scale mail
 y - a +0 shield
Jewellery
 m - an amulet of rage (around neck)
 o - an uncursed ring of ice
 u - a ring of wizardry (left hand)
Wands
 z - a wand of acid (4)
 C - a wand of paralysis (10)
Scrolls
 b - 2 scrolls of identify {unknown}
 h - 2 scrolls of remove curse {unknown}
 i - a scroll of amnesia {unknown}
 l - 2 scrolls of fog {unknown}
 q - a scroll of magic mapping {unknown}
 v - a scroll of blinking {unknown}
 w - 2 scrolls of enchant weapon {unknown}
 x - a scroll of enchant armour {unknown}
 D - a scroll of fear {unknown}
Potions
 j - a potion of magic
 t - a potion of curing
 B - a potion of heal wounds {unknown}
Comestibles
 f - 7 rations


   Skills:
 + Level 7.1 Fighting
 + Level 2.6 Short Blades
 + Level 2.6 Long Blades
 + Level 2.6 Axes
 + Level 2.6 Maces & Flails
 + Level 2.6 Polearms
 + Level 5.3 Staves
 + Level 2.6 Slings
 + Level 2.6 Bows
 + Level 2.6 Crossbows
 + Level 2.6 Throwing
 + Level 2.6 Armour
 + Level 2.6 Dodging
 + Level 3.5 Stealth
 + Level 3.7 Shields
 + Level 2.6 Unarmed Combat
 + Level 3.9 Spellcasting
 + Level 2.1 Conjurations
 + Level 2.1 Hexes
 + Level 2.1 Charms
 + Level 2.1 Summonings
 + Level 2.1 Necromancy
 + Level 4.3 Translocations
 + Level 2.1 Transmutations
 + Level 2.1 Fire Magic
 + Level 2.1 Ice Magic
 + Level 2.1 Air Magic
 + Level 2.1 Earth Magic
 + Level 2.1 Poison Magic
 + Level 2.9 Invocations
 + Level 2.6 Evocations


You had 11 spell levels left.
You knew the following spells:

 Your Spells              Type           Power        Failure   Level  Hunger
h - Blink                 Tloc           N/A          1%          2    ##.....

Your spell library contained the following spells:

 Spells                   Type           Power        Failure   Level  Hunger
 Shroud of Golubria       Chrm/Tloc      ##....       2%          2    ##.....
 Gell's Gravitas          Tloc           ###.......   3%          3    ###....
 Lesser Beckoning         Tloc           ###.......   3%          3    ###....
 Teleport Other           Tloc           ###.....     3%          3    ###....
 Passage of Golubria      Tloc           N/A          11%         4    ####...


Dungeon Overview and Level Annotations

Branches:
Dungeon (6/15)
 Temple: D:4-7

Altars:
Nemelex Xobeh
Wu Jian
Zin


Innate Abilities, Weirdness & Mutations

Your experience applies equally to all skills.
You have very sharp teeth.
Your uncanny sense of smell can sniff out nearby items.


Message History

The weapon returns to the orc!
The orc wizard shouts!
The orc priest shouts!
You hit the orc wizard.
The orc wizard is moderately wounded.
You hear a howl!
The orc wizard misses you. The phantom hits you.
* * * LOW HITPOINT WARNING * * *
The phantom blinks!
You miss the orc wizard.
The orc wizard is moderately wounded.
The orc wizard hits you but does no damage.
You hit the orc wizard.
The orc wizard is moderately wounded.
A howler monkey comes into view.
You closely miss the orc wizard.
The orc wizard is moderately wounded.
The orc wizard closely misses you.
The phantom blinks!
The orc priest mumbles some strange prayers to Beogh against you.
Beogh smites you!
You die...

.... ∆ #...
...h ####..#
.... .....##
..Y.. #..o###
....# #....##
......
#...§.###.o....
#W.##..oo......
#..##.o@W......
#..##.§###.....
#.###..# ...
#.##..## .
#.##.## ##...#
###)# #.## ###


You could see a phantom, a sky beast, a howler monkey, an orc priest, 3 orc
wizards and an orc.

Vanquished Creatures
  A sky beast (D:5)
  A centaur (D:5)
  A scorpion (D:4)
  2 howler monkeys
  2 jellies
  4 orc wizards
  Ijyb (D:5)
  A hound skeleton (D:4)
  A worker ant zombie (D:5)
  Robin (D:2)
  8 adders
  2 oozes
  An adder skeleton (D:6)
  An adder zombie (D:5)
  5 worms
  2 dart slugs
  3 leopard geckos
  8 orcs
  7 giant cockroaches
  13 goblins
  8 hobgoblins
  3 kobolds
  A quokka (D:5)
  10 bats
  6 frilled lizards
  A quokka skeleton (D:5)
  5 rats
99 creatures vanquished.

Notes
Turn   | Place    | Note
-------+----------+-------------------------------------------
     0 | D:1      | Kagalorn the Gnoll Wanderer began the quest for the Orb.
     0 | D:1      | Kagalorn set off with the following items: a +0
                  | quarterstaff, a potion of lignification, a +0 robe, a
                  | ration; and the following spells available to memorise:
                  | Blink, Gell's Gravitas, Lesser Beckoning, Teleport Other,
                  | Shroud of Golubria, Passage of Golubria
     0 | D:1      | Reached XP level 1. HP: 23/23 MP: 4/4
    94 | D:1      | Reached XP level 2. HP: 25/29 MP: 5/5
   862 | D:1      | Learned a level 2 spell: Blink
   906 | D:2      | Reached XP level 3. HP: 32/35 MP: 7/7
  1218 | D:2      | Found a glowing silver altar of Zin.
  1238 | D:2      | Reached skill level 1 in Invocations
  1410 | D:2      | Reached skill level 1 in Short Blades
  1410 | D:2      | Reached skill level 1 in Long Blades
  1410 | D:2      | Reached skill level 1 in Axes
  1410 | D:2      | Reached skill level 1 in Maces & Flails
  1410 | D:2      | Reached skill level 1 in Polearms
  1410 | D:2      | Reached skill level 1 in Slings
  1410 | D:2      | Reached skill level 1 in Bows
  1410 | D:2      | Reached skill level 1 in Crossbows
  1410 | D:2      | Reached skill level 1 in Throwing
  1410 | D:2      | Reached skill level 1 in Armour
  1410 | D:2      | Reached skill level 1 in Dodging
  1410 | D:2      | Reached skill level 1 in Unarmed Combat
  1410 | D:2      | Reached skill level 1 in Evocations
  1415 | D:2      | Reached XP level 4. HP: 36/41 MP: 8/8
  1457 | D:2      | Noticed Robin
  1632 | D:2      | Killed Robin
  1845 | D:2      | Reached skill level 1 in Conjurations
  1845 | D:2      | Reached skill level 1 in Hexes
  1845 | D:2      | Reached skill level 1 in Charms
  1845 | D:2      | Reached skill level 1 in Summonings
  1845 | D:2      | Reached skill level 1 in Necromancy
  1845 | D:2      | Reached skill level 1 in Transmutations
  1845 | D:2      | Reached skill level 1 in Fire Magic
  1845 | D:2      | Reached skill level 1 in Ice Magic
  1845 | D:2      | Reached skill level 1 in Air Magic
  1845 | D:2      | Reached skill level 1 in Earth Magic
  1845 | D:2      | Reached skill level 1 in Poison Magic
  2105 | D:2      | Reached XP level 5. HP: 47/47 MP: 9/9
  2421 | D:3      | Found an ornate altar of the Wu Jian Council.
  2656 | D:3      | Found a sparkling altar of Nemelex Xobeh.
  3188 | D:4      | Reached XP level 6. HP: 17/53 MP: 9/11
  3212 | D:4      | HP: 2/53 [poisoned by a scorpion]
  3511 | D:4      | You fall into a shaft and drop 2 floors!
  3545 | D:6      | Reached skill level 5 in Staves
  3568 | D:5      | Entered Level 5 of the Dungeon
  3772 | D:5      | Noticed Ijyb
  3792 | D:5      | Killed Ijyb
  3792 | D:5      | Reached XP level 7. HP: 54/59 MP: 12/12
  3906 | D:5      | Reached skill level 7 in Fighting
  4449 | D:5      | HP: 3/60 [orc/boomerang (1)]
  4453 | D:5      | Killed from afar by an orc priest

Levels and vault maps discovered:
D:1:      minmay_arrival_doors, layout_basic
D:2:      minmay_wonky_spiral, layout_basic, nicolae_overflow_crystal_walls,
          first_ration, minmay_pentomino_o2, uniq_robin
D:3:      layout_basic, lemuel_round_altar, nemelex_xobeh_ov_fountains_minmay
D:4:      layout_layer_cave, lemuel_coloured_pillars_altar
D:5:      layout_layer_cave, hangedman_decor_slide_cut, uniq_ijyb
D:6:      layout_gridville, lemuel_doored_altar, lemuel_round_altar,
          minmay_temple_entry_crystal_x, basic_altar, nicolae_ru_awakened_eye,
          uniq_grinder, uniq_menkaure

Skill      XL: |  1  2  3  4  5  6  7 |
---------------+----------------------+-----
Invocations    | 1 2 |  2.9
Short Blades   | 1 2 |  2.6
Long Blades    | 1 2 |  2.6
Axes           | 1 2 |  2.6
Maces & Flails | 1 2 |  2.6
Polearms       | 1 2 |  2.6
Slings         | 1 2 |  2.6
Bows           | 1 2 |  2.6
Crossbows      | 1 2 |  2.6
Throwing       | 1 2 |  2.6
Armour         | 1 2 |  2.6
Dodging        | 1 2 |  2.6
Unarmed Combat | 1 2 |  2.6
Evocations     | 1 2 |  2.6
Spellcasting   | 3 |  3.9
Conjurations   | 1 2 |  2.1
Hexes          | 1 2 |  2.1
Charms         | 1 2 |  2.1
Summonings     | 1 2 |  2.1
Necromancy     | 1 2 |  2.1
Transmutations | 1 2 |  2.1
Fire Magic     | 1 2 |  2.1
Ice Magic      | 1 2 |  2.1
Air Magic      | 1 2 |  2.1
Earth Magic    | 1 2 |  2.1
Poison Magic   | 1 2 |  2.1
Shields        | 3 |  3.7
Translocations | 4 |  4.3
Stealth        | 3 |  3.5
Staves         | 5 |  5.3
Fighting       | 7 |  7.1

Action                   |  1- 3 |  4- 6 |  7- 9 || total
-------------------------+-------+-------+-------++-------
Melee: Quarterstaff      |    87 |   168 |    72 ||   327
       Bite              |     5 |    16 |     6 ||    27
Throw: Boomerang         |       |     7 |     3 ||    10
 Cast: Blink             |       |     6 |     4 ||    10
 Abil: Evoke Berserk Rag |       |     2 |       ||     2
Evoke: Wand              |       |     3 |     1 ||     4
  Use: Potion            |     1 |     2 |     1 ||     4
 Stab: Sleeping          |     1 |     4 |       ||     5
  Eat: Chunk             |     1 |    11 |     2 ||    14
Armor: Robe              |    25 |    24 |     9 ||    58
       Skin              |     8 |       |       ||     8
Dodge: Dodged            |    57 |   117 |    44 ||   218
